 Dungeon Crawl Stone Soup version bcrawl-1.36.4 (webtiles) character file.

Game seed: 14001172771977518893

175267 Mrkan the Chopper (level 5, -5/47 HPs)
             Began as a Minotaur Fighter on July 24, 2022.
             Was an Initiate of Gozag.
             Slain by Natasha (7 damage)
             ... on level 4 of the Dungeon.
             The game lasted 00:02:59 (2081 turns).

Mrkan the Chopper (Minotaur Fighter)                Turns: 2081, Time: 00:03:00

Health: -5/47      AC:  6    Str: 21    XL:     5   Next: 34%
Magic:  4/4        EV:  6    Int:  5    God:    Gozag
Gold:   157        SH:  9    Dex: 10    Spells: 4/4 levels left

rFire    . . .     SeeInvis .   a - +0 war axe
rCold    . . .     Gourm    .   c - +0 medium shield
rNeg     . . .     Faith    .   b - +0 scale mail
rPois    .         Spirit   .   (helmet restricted)
rElec    .         Reflect  .   (no cloak)
rCorr    .                      (no gloves)
MR       .....                  (no boots)
Stlth    ..........             (no amulet)
HPRegen  0.15/turn              (no ring)
MPRegen  0.09/turn              (no ring)

@: starving
A: retaliatory headbutt, horns 2
a: Potion Petition, Call Merchant, Bribe Branch, Renounce Religion


You were on level 4 of the Dungeon.
You worshipped Gozag.
Gozag was aware of your devotion.
You were starving.

You visited 1 branch of the dungeon, and saw 4 of its levels.

You collected 192 gold pieces.
You paid 35 gold pieces to Gozag.

Inventory:

Hand Weapons
 a - a +0 war axe (weapon)
Armour
 b - a +0 scale mail (worn)
 c - a +0 medium shield (worn)
Jewellery
 p - an uncursed amulet of guardian spirit {unknown}
Scrolls
 f - 2 scrolls of teleportation {unknown}
 g - 2 scrolls of blinking {unknown}
 h - a scroll of amnesia {unknown}
 i - 4 scrolls of identify
 j - a scroll of immolation {unknown}
 l - 2 scrolls of remove curse {unknown}
 n - a scroll of magic mapping {unknown}
 r - a scroll of fog {unknown}
Potions
 d - 2 potions of might
 k - 5 potions of curing {unknown}
 m - a potion of resistance {unknown}
 o - a potion of degeneration {unknown}
 q - a potion of haste {unknown}
Comestibles
 e - 9 rations {!d}


   Skills:
 + Level 4.8 Fighting
 * Level 5.1 Axes
 - Level 3.6 Armour
 + Level 4.8 Shields


You had 4 spell levels left.
You didn't know any spells.
Your spell library was empty.

Dungeon Overview and Level Annotations

Branches:
Dungeon (4/12)
 Temple: D:4-7

Altars:
Gozag

Annotations:
D:4 Natasha


Innate Abilities, Weirdness & Mutations

You reflexively headbutt those who attack you in melee.
You have a pair of horns on your head.


Message History

There is a stone staircase leading down here.
Natasha claws you.
The gnoll hits you from afar with a +0 halberd.
* * * LOW HITPOINT WARNING * * *
You climb downwards.
The crimson imp disappears in a puff of smoke!
A rune on the stairs sparks and fizzles.
A scorpion comes into view.
There is a stone staircase leading up here.
Your shield and scale mail prevent you from hitting Natasha.
Natasha is heavily wounded.
Natasha barely misses you. Natasha casts a spell at you.
The magic dart hits you!
* * * LOW HITPOINT WARNING * * *
You closely miss Natasha. Your headbutt misses Natasha.
Natasha is heavily wounded.
Natasha claws you!
You die...
Your body crumbles into a pile of gold.

.. ..#
#. ..#
#.##.#
..#.#
#s#.#
#...#
#h.#
#.@#
##.# ...
##...
.....
#..?..
#......
+.......


You could see a scorpion and Natasha.

Vanquished Creatures
  A crimson imp (D:2)
  An orc wizard (D:3)
  Natasha (D:3)
  2 gnolls (D:3)
  An adder (D:2)
  2 oozes (D:2)
  2 worms (D:2)
  A dart slug (D:1)
  4 leopard geckos
  3 orcs (D:3)
  A ball python (D:1)
  3 giant cockroaches
  2 hobgoblins
  9 kobolds
  A quokka (D:3)
  6 bats
  2 frilled lizards (D:2)
  2 goblins
  A quokka skeleton (D:2)
  4 rats
49 creatures vanquished.

Notes
Turn   | Place    | Note
-------+----------+-------------------------------------------
     0 | D:1      | Mrkan the Minotaur Fighter began the quest for the Orb.
     0 | D:1      | Reached XP level 1. HP: 19/19 MP: 0/0
   171 | D:1      | Reached skill level 3 in Axes
   171 | D:1      | Reached XP level 2. HP: 27/27 MP: 1/1
   839 | D:2      | Reached XP level 3. HP: 33/33 MP: 2/2
  1199 | D:2      | Reached skill level 4 in Axes
  1199 | D:2      | Reached XP level 4. HP: 34/41 MP: 3/3
  1279 | D:2      | Found an opulent altar of Gozag.
  1309 | D:2      | Became a worshipper of Gozag Ym Sagoz the Greedy
  1534 | D:2      | Found a faded altar of an unknown god.
  1729 | D:3      | Reached XP level 5. HP: 29/47 MP: 4/4
  1859 | D:3      | Noticed Natasha
  1864 | D:3      | Killed Natasha
  1996 | D:3      | Noticed Natasha
  2027 | D:3      | Reached skill level 5 in Axes
  2080 | D:4      | HP: 2/47 [Natasha/magic dart (8)]
  2081 | D:4      | Slain by Natasha

Skill      XL: |  1  2  3  4  5 |
---------------+----------------+-----
Axes           | 3 4 5 |  5.1
Fighting       | 4 |  4.8
Shields        | 4 |  4.8
Armour         | |  3.6

Action                   |  1- 3 |  4- 6 || total
-------------------------+-------+-------++-------
Melee: War axe           |    87 |    37 ||   124
       Headbutt          |    16 |    10 ||    26
  Eat: Chunk             |     4 |     1 ||     5
Armor: Scale mail        |    49 |     5 ||    54
Dodge: Dodged            |    15 |     5 ||    20
Block: Medium shield     |    34 |    14 ||    48
